 Dungeon Crawl Stone Soup version 0.24.0-37-gcf1ca852f1 (webtiles) character file.

Game seed: 4987478440111100578, levelgen mode: deterministic

42 theswoord the Grave Robber (level 3, 0/20 HPs)
             Began as a Deep Elf Necromancer on Nov 22, 2019.
             Slain by an adder (3 damage)
             ... on level 2 of the Dungeon.
             The game lasted 00:04:20 (1639 turns).

theswoord the Grave Robber (Deep Elf Necromancer)   Turns: 1639, Time: 00:04:21

Health: 0/20       AC:  9    Str:  3 (6)  XL:     3   Next: 33%
Magic:  9/9        EV: -3    Int: 23 (24) God:
Gold:   53         SH:  0    Dex: 12 (15) Spells: 7/8 levels left

rFire    . . .     SeeInvis .   h - +3 dagger (protect)
rCold    . . .     Gourm    .   (no shield)
rNeg     . . .     Faith    .   k - +0 chain mail
rPois    .         Spirit   .   (no helmet)
rElec    .         Reflect  .   (no cloak)
rCorr    .         Harm     .   e - +0 pair of gloves
MR       .....                  (no boots)
Stlth    ..........             (no amulet)
HPRegen  0.06/turn              (no ring)
MPRegen  0.11/turn              (no ring)

@: brilliant, lethally poisoned (0 -> -6)
A: no striking features
a: no special abilities


You were on level 2 of the Dungeon.
You were not hungry.

You visited 1 branch of the dungeon, and saw 2 of its levels.

You collected 53 gold pieces.

Inventory:

Hand Weapons
 b - a +0 short sword
 h - a +3 dagger of protection (weapon)
Armour
 a - a +0 robe
 e - a +0 pair of gloves (worn)
 k - a +0 chain mail (worn)
Scrolls
 d - a scroll of remove curse {unknown}
 j - 2 scrolls of teleportation {unknown}
 m - 2 scrolls of identify {unknown}
Potions
 g - 2 potions of degeneration
 i - a potion of heal wounds {unknown}
Comestibles
 c - 3 rations
 l - 4 chunks of flesh


   Skills:
 * Level 1.3 Fighting
 + Level 3.2 Dodging
 - Level 2.4 Stealth
 - Level 3.0 Spellcasting
 + Level 5.3 Necromancy


You had 7 spell levels left.
You knew the following spells:

 Your Spells              Type           Power        Failure   Level  Hunger
a - Pain                  Necr           ####         100%        1    None

Your spell library contained the following spells:

 Spells                   Type           Power        Failure   Level  Hunger
 Animate Skeleton         Necr           N/A          100%        1    None
 Regeneration             Chrm/Necr      ####......   100%        3    ###....
 Vampiric Draining        Necr           #####.....   100%        3    ###....
 Animate Dead             Necr           N/A          100%        4    ####...


Dungeon Overview and Level Annotations

Branches:
Dungeon (2/15)

Altars:


Message History

The adder is moderately wounded.
The adder bites you.
* * * LOW HITPOINT WARNING * * *
Your chain mail prevents you from hitting the adder.
The adder is moderately wounded.
The adder bites you.
* * * LOW HITPOINT WARNING * * *
You are lethally poisoned!
The adder poisons you!
A jackal comes into view.
It was a potion of brilliance.
You feel clever all of a sudden.
* * * LOW HITPOINT WARNING * * *
You feel sick.
The adder bites you but does no damage. x2
It was a potion of degeneration.
There was something very wrong with that liquid.
You feel weakened.
You feel dopey.
You feel clumsy.
* * * LOW HITPOINT WARNING * * *
You feel sick. The adder bites you.
You die...

#..#.....#.##....>(.†...#
###.......##.##........#..#
#...[#.#.(##.##........#..#
#.####.#..##.##........h..#
#.# #.#..##.##.......K##.#
#.# #.#..##...........##.##
#.# #.#...............##..#
#.#
##'#.##########.######h#
#.# #.....h@ShK.....#
####K.
#.###...###########.#
#....h #...'...'÷......#
### #.....
#####...#######.# #.....
#...# #..... #...# #.....
#...# ....... #...#
........ #...# .........


You could see an adder, 2 jackals and a kobold.

Vanquished Creatures
  An adder (D:2)
  An ooze (D:1)
  A ball python (D:1)
  2 giant cockroaches (D:2)
  6 hobgoblins
  2 jackals (D:2)
  6 kobolds
  4 bats
  3 frilled lizards
  A rat (D:1)
27 creatures vanquished.

Notes
Turn   | Place    | Note
-------+----------+-------------------------------------------
     0 | D:1      | theswoord the Deep Elf Necromancer began the quest for the
                  | Orb.
     0 | D:1      | Reached XP level 1. HP: 10/10 MP: 6/6
   176 | D:1      | Reached skill level 5 in Necromancy
   286 | D:1      | Reached XP level 2. HP: 12/16 MP: 8/8
  1169 | D:2      | Reached skill level 1 in Fighting
  1205 | D:2      | Reached XP level 3. HP: 5/20 MP: 9/9
  1639 | D:2      | Slain by an adder

Skill      XL: |  1  2 |
---------------+-------+-----
Necromancy     | 5 |  5.3
Fighting       | 1 |  1.3
Dodging        | 3 |  3.2
Stealth        | |  2.4
Spellcasting   | |  3.0

Action                   || total
-------------------------++-------
Melee: Short sword       ||    21
       Dagger            ||   124
  Use: Potion            ||     3
 Stab: Sleeping          ||     5
  Eat: Chunk             ||     2
Armor: Chain mail        ||   130
       Robe              ||     2
Dodge: Dodged            ||    26

Levels and vault maps discovered:
D:1:      nicolae_arrival_washed_ashore, layout_basic,
          chequers_serial_rivers_micro_e
D:2:      layout_basic, lemuel_blue_sif_altar, corexii_corridor_pit,
          nicolae_ru_path_of_blood, uniq_terence
